[ AOE2 MATCH · #484204000 ]
UnrankedFranks vs Lithuanians
[ REPLAY ANALYSIS · EXTRACTED FROM THE RECORDED GAME ]
Feudal
9:55
Castle
27:48
Imperial
—
| APM avg | 25.3 |
| APM peak | 64 |
| eAPM avg | 12.3 |
| Villagers / military | 146 / 40 |
Focus
⚔️ 8.9% · 🌾 91.1%
Knight ×30 · Scout Cavalry ×7 · Spearman ×3
Feudal
9:41
Castle
21:28
Imperial
41:10
| APM avg | 50.8 |
| APM peak | 101 |
| eAPM avg | 21.2 |
| Villagers / military | 120 / 149 |
Focus
⚔️ 31.4% · 🌾 68.6%
Knight ×89 · Hand Cannoneer ×36 · Monk ×7 · Cavalry Archer ×7 · Scout Cavalry ×6 · Spearman ×4
Feudal
10:52
Castle
22:02
Imperial
45:45
| APM avg | 42.8 |
| APM peak | 76 |
| eAPM avg | 20.6 |
| Villagers / military | 159 / 323 |
Focus
⚔️ 29.0% · 🌾 71.0%
Spearman ×157 · Scout Cavalry ×69 · Knight ×55 · Scorpion ×41 · Battering Ram ×1
Feudal
9:26
Castle
23:13
Imperial
38:33
| APM avg | 32.9 |
| APM peak | 73 |
| eAPM avg | 17.1 |
| Villagers / military | 125 / 32 |
Focus
⚔️ 24.0% · 🌾 76.0%
Unknown (2579) ×65 · Unknown (2550) ×42 · Archer ×21 · Trebuchet (Packed) ×7 · Mangonel ×2 · Spearman ×2
Feudal
—
Castle
—
Imperial
—
| APM avg | 22.7 |
| APM peak | 48 |
| eAPM avg | 16.3 |
| Villagers / military | 155 / 161 |
Focus
⚔️ 33.9% · 🌾 66.1%
Spearman ×54 · Skirmisher ×48 · Camel Scout ×36 · Scorpion ×8 · Archer ×7 · Mangonel ×4
Feudal
12:27
Castle
16:11
Imperial
—
| APM avg | 14.4 |
| APM peak | 38 |
| eAPM avg | 11.1 |
| Villagers / military | 155 / 404 |
Focus
⚔️ 44.3% · 🌾 55.7%
Spearman ×301 · Scorpion ×93 · Battering Ram ×10
Match map
Initial resources + every placement click. Lines = walls · curves = elevation contours. ◆ gold · ⬟ stone · ● berries · ✦ relic · ◌ wall gap
Your base· Open — 1t gap
Gabrielzou's base· ✓ Closed at 21:28 · 39t walls · 1 gate(s)
-pilavboy-*'s base· ✓ Closed at 22:02 · 41t walls · 1 gate(s)
Frank Sobotka's base· ✓ Closed at 23:13 · 43t walls · 1 gate(s)
Domination12344's base· Open — unwalled flank
hilalayweb's base· Open — unwalled flank
Smoothed initial terrain · ◌ = detected wall gap · hover for details
Inputs per minute
— hknylmz - - Gabrielzou
Build order — hknylmz
First 150 of 293 actions detected
| 0:03 | Build | House |
| 0:04 | Build | House |
| 0:06 | Create | Villager (Male) |
| 0:07 | Create | Villager (Male) |
| 0:07 | Create | Villager (Male) |
| 0:07 | Create | Villager (Male) |
| 0:07 | Create | Villager (Male) |
| 0:21 | Build | House |
| 1:40 | Create | Villager (Male) |
| 1:40 | Create | Villager (Male) |
| 1:40 | Create | Villager (Male) |
| 2:16 | Create | Villager (Male) |
| 2:16 | Create | Villager (Male) |
| 2:16 | Create | Villager (Male) |
| 2:17 | Create | Villager (Male) |
| 2:24 | Build | Lumber Camp |
| 2:32 | Create | Villager (Male) |
| 3:11 | Create | Villager (Male) |
| 3:11 | Create | Villager (Male) |
| 3:11 | Create | Villager (Male) |
| 3:11 | Create | Villager (Male) |
| 3:22 | Create | Villager (Male) |
| 3:22 | Create | Villager (Male) |
| 3:56 | Create | Villager (Male) |
| 3:56 | Create | Villager (Male) |
| 4:10 | Create | Villager (Male) |
| 4:11 | Create | Villager (Male) |
| 4:46 | Create | Villager (Male) |
| 4:46 | Create | Villager (Male) |
| 4:47 | Create | Villager (Male) |
| 5:07 | Build | Mill |
| 5:23 | Create | Villager (Male) |
| 5:23 | Create | Villager (Male) |
| 5:23 | Create | Villager (Male) |
| 5:24 | Create | Villager (Male) |
| 5:24 | Create | Villager (Male) |
| 5:24 | Create | Villager (Male) |
| 5:24 | Create | Villager (Male) |
| 5:25 | Create | Villager (Male) |
| 5:25 | Create | Villager (Male) |
| 6:27 | Build | Mill |
| 6:35 | Create | Villager (Male) |
| 6:57 | Build | House |
| 7:07 | Research | Loom |
| 7:45 | Research | Feudal Age |
| 8:53 | Build | House |
| 9:13 | Build | House |
| 9:28 | Build | Palisade Wall |
| 9:33 | Build | Palisade Wall |
| 9:41 | Create | Villager (Male) |
| 9:41 | Create | Villager (Male) |
| 9:41 | Create | Villager (Male) |
| 9:55 | Age | Feudal Age |
| 9:58 | Build | Barracks |
| 10:09 | Create | Villager (Male) |
| 10:09 | Create | Villager (Male) |
| 11:07 | Create | Villager (Male) |
| 11:32 | Build | Stable |
| 11:52 | Build | Stable |
| 12:07 | Create | Villager (Male) |
| 12:07 | Create | Villager (Male) |
| 12:15 | Build | Farm |
| 12:15 | Build | Farm |
| 12:15 | Build | Farm |
| 12:16 | Build | Farm |
| 12:16 | Build | Farm |
| 12:16 | Build | Farm |
| 12:17 | Build | Farm |
| 12:28 | Create | Scout Cavalry |
| 12:29 | Create | Scout Cavalry |
| 13:17 | Create | Villager (Male) |
| 13:17 | Create | Villager (Male) |
| 13:33 | Build | House |
| 13:35 | Build | House |
| 13:37 | Build | House |
| 13:55 | Build | Farm |
| 14:30 | Create | Scout Cavalry |
| 14:30 | Create | Scout Cavalry |
| 14:33 | Create | Spearman |
| 14:34 | Create | Spearman |
| 15:24 | Create | Villager (Male) |
| 15:39 | Create | Scout Cavalry |
| 15:50 | Build | Farm |
| 16:17 | Build | Farm |
| 16:24 | Build | Farm |
| 16:37 | Create | Scout Cavalry |
| 16:37 | Create | Scout Cavalry |
| 17:13 | Build | Farm |
| 17:16 | Create | Villager (Male) |
| 17:16 | Create | Villager (Male) |
| 17:52 | Create | Spearman |
| 18:27 | Create | Villager (Male) |
| 18:28 | Create | Villager (Male) |
| 18:56 | Build | Palisade Wall |
| 19:08 | Create | Villager (Male) |
| 19:08 | Create | Villager (Male) |
| 19:18 | Build | Farm |
| 19:25 | Build | Farm |
| 19:31 | Build | Farm |
| 20:14 | Build | Palisade Wall |
| 20:19 | Create | Villager (Male) |
| 20:20 | Create | Villager (Male) |
| 20:44 | Build | Blacksmith |
| 20:57 | Build | House |
| 21:01 | Create | Villager (Male) |
| 21:10 | Build | Mining Camp |
| 21:20 | Build | Farm |
| 21:34 | Create | Villager (Male) |
| 21:56 | Build | Palisade Wall |
| 22:00 | Build | Palisade Wall |
| 22:08 | Build | Palisade Wall |
| 22:22 | Build | Farm |
| 22:30 | Build | Farm |
| 22:32 | Create | Villager (Male) |
| 22:33 | Create | Villager (Male) |
| 22:43 | Build | Farm |
| 22:50 | Build | Farm |
| 22:58 | Build | Farm |
| 23:10 | Build | Farm |
| 23:24 | Build | Palisade Gate |
| 23:50 | Create | Villager (Male) |
| 23:50 | Create | Villager (Male) |
| 23:56 | Build | Farm |
| 24:17 | Build | Stable |
| 24:22 | Create | Villager (Male) |
| 24:30 | Build | Farm |
| 24:43 | Build | House |
| 24:45 | Build | House |
| 25:08 | Research | Castle Age |
| 25:14 | Build | House |
| 25:34 | Research | Double-Bit Axe |
| 25:50 | Build | House |
| 25:54 | Build | House |
| 26:11 | Build | Farm |
| 26:17 | Research | Scale Barding Armor |
| 26:17 | Research | Forging |
| 26:35 | Build | Lumber Camp |
| 26:42 | Create | Villager (Male) |
| 26:42 | Create | Villager (Male) |
| 27:34 | Build | House |
| 27:48 | Age | Castle Age |
| 27:59 | Research | Husbandry |
| 28:00 | Create | Knight ×4 |
| 28:01 | Create | Knight ×4 |
| 28:01 | Create | Knight ×4 |
| 28:01 | Create | Knight ×4 |
| 28:26 | Build | Farm |
| 28:53 | Create | Knight ×2 |
| 28:53 | Create | Knight ×2 |
| 29:56 | Create | Villager (Male) |
Build order — Gabrielzou
First 150 of 466 actions detected
| 0:01 | Create | Villager (Male) |
| 0:01 | Create | Villager (Male) |
| 0:04 | Build | House |
| 0:06 | Build | House |
| 0:33 | Create | Villager (Male) |
| 0:34 | Create | Villager (Male) |
| 0:34 | Create | Villager (Male) |
| 0:53 | Create | Villager (Male) |
| 1:38 | Create | Villager (Male) |
| 1:48 | Build | Lumber Camp |
| 2:27 | Create | Villager (Male) |
| 2:28 | Create | Villager (Male) |
| 2:59 | Create | Villager (Male) |
| 3:17 | Create | Villager (Male) |
| 3:24 | Build | House |
| 3:56 | Build | Mill |
| 4:27 | Create | Villager (Male) |
| 4:30 | Create | Villager (Male) |
| 4:59 | Create | Villager (Male) |
| 5:15 | Create | Villager (Male) |
| 5:30 | Build | House |
| 5:55 | Create | Villager (Male) |
| 5:58 | Build | Mill |
| 6:13 | Create | Villager (Male) |
| 6:14 | Research | Loom |
| 6:24 | Build | Palisade Wall |
| 7:15 | Build | House |
| 7:20 | Research | Feudal Age |
| 7:20 | Research | Feudal Age |
| 7:34 | Create | Villager (Male) |
| 7:48 | Build | Palisade Wall |
| 7:50 | Build | Palisade Wall |
| 8:05 | Build | Palisade Wall |
| 8:08 | Build | Palisade Wall |
| 8:09 | Build | Palisade Wall |
| 8:11 | Build | Palisade Wall |
| 8:19 | Create | Villager (Male) |
| 8:42 | Create | Villager (Male) |
| 8:53 | Build | Barracks |
| 9:04 | Build | House |
| 9:41 | Age | Feudal Age |
| 10:07 | Build | Stable |
| 10:09 | Create | Villager (Male) |
| 10:25 | Build | Palisade Gate |
| 10:48 | Create | Scout Cavalry |
| 10:49 | Create | Scout Cavalry |
| 10:49 | Create | Scout Cavalry |
| 10:56 | Build | House |
| 11:12 | Research | Double-Bit Axe |
| 11:15 | Create | Villager (Male) |
| 11:28 | Build | Farm |
| 11:29 | Build | Farm |
| 11:29 | Build | Farm |
| 11:29 | Build | Farm |
| 11:37 | Build | Palisade Wall |
| 12:00 | Create | Villager (Male) |
| 12:01 | Create | Villager (Male) |
| 12:04 | Build | Farm |
| 12:04 | Build | Farm |
| 12:04 | Build | Farm |
| 12:09 | Create | Villager (Male) |
| 12:22 | Create | Scout Cavalry |
| 12:37 | Build | Farm |
| 12:43 | Create | Villager (Male) |
| 12:49 | Build | Farm |
| 13:01 | Build | Farm |
| 13:02 | Create | Villager (Male) |
| 13:17 | Build | Farm |
| 13:20 | Build | Farm |
| 13:23 | Build | Farm |
| 13:25 | Create | Villager (Male) |
| 13:30 | Build | Farm |
| 14:00 | Create | Villager (Male) |
| 14:01 | Create | Villager (Male) |
| 14:21 | Create | Villager (Male) |
| 14:37 | Create | Scout Cavalry |
| 14:38 | Create | Scout Cavalry |
| 14:42 | Create | Villager (Male) |
| 14:49 | Create | Villager (Male) |
| 14:59 | Build | Blacksmith |
| 15:29 | Build | House |
| 15:30 | Build | House |
| 15:41 | Build | Mining Camp |
| 15:46 | Research | Forging |
| 15:46 | Research | Forging |
| 15:53 | Research | Wheelbarrow |
| 15:53 | Research | Wheelbarrow |
| 16:01 | Create | Villager (Male) |
| 16:09 | Create | Villager (Male) |
| 16:21 | Build | Farm |
| 16:25 | Build | Farm |
| 16:28 | Build | House |
| 17:28 | Create | Villager (Male) |
| 17:32 | Build | Farm |
| 17:33 | Build | Farm |
| 17:33 | Build | Farm |
| 17:33 | Build | Farm |
| 17:34 | Build | Farm |
| 17:34 | Build | Farm |
| 17:40 | Build | Palisade Wall |
| 17:41 | Build | Palisade Wall |
| 18:07 | Create | Villager (Male) |
| 18:35 | Research | Castle Age |
| 18:35 | Research | Castle Age |
| 18:46 | Build | Market |
| 19:07 | Research | Horse Collar |
| 19:18 | Research | Gold Mining |
| 20:11 | Build | House |
| 20:13 | Build | House |
| 20:49 | Research | Bloodlines |
| 20:49 | Research | Bloodlines |
| 21:25 | Build | House |
| 21:28 | Age | Castle Age |
| 21:39 | Build | Monastery |
| 21:42 | Create | Villager (Male) |
| 21:43 | Create | Villager (Male) |
| 21:45 | Create | Villager (Male) |
| 21:49 | Create | Spearman |
| 21:49 | Create | Spearman |
| 21:49 | Create | Spearman |
| 21:59 | Build | Palisade Wall |
| 22:08 | Create | Monk |
| 22:25 | Create | Spearman |
| 22:29 | Create | Knight |
| 22:29 | Create | Knight |
| 22:29 | Create | Knight |
| 22:30 | Create | Knight |
| 22:36 | Create | Villager (Male) |
| 22:36 | Create | Villager (Male) |
| 22:49 | Create | Monk |
| 22:49 | Create | Monk |
| 23:10 | Create | Villager (Male) |
| 23:28 | Build | Town Center |
| 23:46 | Create | Knight |
| 23:48 | Create | Villager (Male) |
| 23:50 | Create | Monk |
| 24:06 | Create | Villager (Male) |
| 24:24 | Create | Villager (Male) |
| 24:35 | Build | House |
| 24:38 | Create | Knight |
| 24:38 | Create | Knight |
| 24:49 | Create | Villager (Male) |
| 25:01 | Build | Farm |
| 25:04 | Create | Villager (Male) |
| 25:05 | Create | Villager (Male) |
| 25:06 | Create | Villager (Male) |
| 25:06 | Create | Villager (Male) |
| 25:18 | Research | Husbandry |
| 25:18 | Research | Husbandry |
| 25:21 | Research | Iron Casting |
Build order — -pilavboy-*
First 150 of 508 actions detected
| 0:02 | Create | Villager (Male) |
| 0:02 | Create | Villager (Male) |
| 0:04 | Build | House |
| 0:06 | Build | House |
| 0:19 | Create | Villager (Male) |
| 0:46 | Create | Villager (Male) |
| 0:46 | Create | Villager (Male) |
| 1:34 | Create | Villager (Male) |
| 1:34 | Create | Villager (Male) |
| 1:57 | Create | Villager (Male) |
| 2:18 | Create | Villager (Male) |
| 2:23 | Build | Lumber Camp |
| 2:53 | Create | Villager (Male) |
| 2:54 | Create | Villager (Male) |
| 3:25 | Build | House |
| 3:34 | Create | Villager (Male) |
| 3:34 | Create | Villager (Male) |
| 4:02 | Create | Villager (Male) |
| 4:02 | Create | Villager (Male) |
| 4:32 | Create | Villager (Male) |
| 4:32 | Create | Villager (Male) |
| 4:53 | Create | Villager (Male) |
| 5:03 | Build | Mill |
| 5:19 | Create | Villager (Male) |
| 5:19 | Create | Villager (Male) |
| 5:42 | Build | House |
| 5:45 | Create | Villager (Male) |
| 5:46 | Create | Villager (Male) |
| 6:02 | Create | Villager (Male) |
| 6:02 | Create | Villager (Male) |
| 6:07 | Build | House |
| 6:09 | Build | House |
| 6:20 | Create | Villager (Male) |
| 6:20 | Create | Villager (Male) |
| 6:40 | Create | Villager (Male) |
| 7:00 | Create | Villager (Male) |
| 7:38 | Create | Villager (Male) |
| 8:03 | Build | Barracks |
| 8:14 | Build | House |
| 8:16 | Build | House |
| 8:20 | Build | Palisade Wall |
| 8:29 | Research | Feudal Age |
| 9:07 | Create | Villager (Male) |
| 9:07 | Create | Villager (Male) |
| 9:25 | Build | Mining Camp |
| 9:47 | Build | Farm |
| 10:09 | Create | Villager (Male) |
| 10:45 | Build | Farm |
| 10:46 | Build | Farm |
| 10:49 | Research | Loom |
| 10:52 | Age | Feudal Age |
| 10:52 | Create | Villager (Male) |
| 10:55 | Create | Spearman |
| 10:56 | Create | Spearman |
| 11:01 | Build | Stable |
| 11:09 | Build | Farm |
| 11:09 | Build | Farm |
| 11:12 | Build | Farm |
| 11:12 | Build | Farm |
| 11:14 | Create | Villager (Male) |
| 11:25 | Create | Spearman |
| 11:26 | Create | Spearman |
| 11:37 | Build | Palisade Wall |
| 11:39 | Build | Palisade Wall |
| 11:40 | Build | Palisade Wall |
| 11:41 | Build | Palisade Wall |
| 12:06 | Create | Villager (Male) |
| 12:11 | Build | Farm |
| 12:11 | Build | Farm |
| 12:13 | Build | Farm |
| 12:26 | Build | Palisade Wall |
| 12:33 | Create | Scout Cavalry |
| 12:33 | Create | Scout Cavalry |
| 12:40 | Build | Farm |
| 12:41 | Create | Villager (Male) |
| 12:41 | Create | Villager (Male) |
| 12:48 | Build | Farm |
| 13:08 | Build | Palisade Wall |
| 13:10 | Create | Villager (Male) |
| 13:11 | Create | Villager (Male) |
| 13:11 | Create | Villager (Male) |
| 13:14 | Build | Farm |
| 13:35 | Create | Villager (Male) |
| 13:37 | Create | Scout Cavalry |
| 13:45 | Build | Farm |
| 14:04 | Create | Scout Cavalry |
| 14:15 | Build | Market |
| 14:18 | Build | Palisade Wall |
| 14:21 | Build | Palisade Gate |
| 14:25 | Build | Palisade Wall |
| 14:27 | Create | Villager (Male) |
| 14:28 | Create | Villager (Male) |
| 14:28 | Create | Villager (Male) |
| 14:32 | Build | Farm |
| 14:52 | Create | Scout Cavalry |
| 14:52 | Create | Scout Cavalry ×2 |
| 14:53 | Create | Scout Cavalry |
| 15:00 | Build | Farm |
| 15:04 | Create | Villager (Male) |
| 15:04 | Create | Villager (Male) |
| 15:23 | Create | Villager (Male) |
| 16:01 | Build | Lumber Camp |
| 16:07 | Research | Bloodlines |
| 16:07 | Create | Scout Cavalry |
| 16:08 | Create | Scout Cavalry ×2 |
| 16:08 | Create | Scout Cavalry |
| 16:30 | Create | Villager (Male) |
| 16:30 | Create | Villager (Male) |
| 17:03 | Create | Scout Cavalry |
| 17:10 | Create | Villager (Male) |
| 17:10 | Create | Villager (Male) |
| 17:10 | Create | Villager (Male) |
| 17:17 | Create | Villager (Male) |
| 17:47 | Create | Villager (Male) |
| 18:20 | Build | House |
| 18:21 | Build | House |
| 18:29 | Build | House |
| 18:29 | Build | House |
| 18:30 | Build | House |
| 18:36 | Create | Villager (Male) |
| 18:42 | Build | Palisade Wall |
| 18:45 | Build | Farm |
| 18:51 | Build | Farm |
| 18:53 | Create | Villager (Male) |
| 19:21 | Research | Castle Age |
| 19:40 | Create | Villager (Male) |
| 19:40 | Create | Villager (Male) |
| 20:09 | Research | Horse Collar |
| 20:36 | Research | Wheelbarrow |
| 20:39 | Research | Double-Bit Axe |
| 21:10 | Build | Blacksmith |
| 22:02 | Age | Castle Age |
| 22:06 | Build | Town Center |
| 22:19 | Create | Villager (Male) |
| 22:19 | Create | Villager (Male) |
| 22:35 | Create | Knight |
| 23:00 | Create | Knight |
| 23:05 | Create | Villager (Male) |
| 23:05 | Create | Villager (Male) |
| 23:05 | Create | Villager (Male) ×5 |
| 23:32 | Research | Pikeman (upgrade) |
| 23:32 | Create | Spearman |
| 23:33 | Create | Spearman |
| 23:33 | Create | Spearman ×5 |
| 23:33 | Create | Spearman |
| 23:43 | Build | Siege Workshop |
| 23:51 | Create | Villager (Male) |
| 23:51 | Create | Villager (Male) |
| 23:56 | Create | Villager (Male) |
| 23:57 | Create | Villager (Male) |
Build order — Frank Sobotka
First 150 of 370 actions detected
| 0:00 | Create | Villager (Male) |
| 0:01 | Create | Villager (Male) |
| 0:03 | Build | House |
| 0:04 | Build | House |
| 0:32 | Create | Villager (Male) |
| 0:44 | Create | Villager (Male) |
| 1:06 | Create | Villager (Male) |
| 1:29 | Create | Villager (Male) |
| 1:47 | Build | Settlement |
| 2:19 | Create | Villager (Male) |
| 2:41 | Create | Villager (Male) |
| 3:16 | Create | Villager (Male) |
| 3:40 | Create | Villager (Male) |
| 4:13 | Create | Villager (Male) |
| 4:36 | Create | Villager (Male) |
| 4:51 | Create | Villager (Male) |
| 5:29 | Create | Villager (Male) |
| 5:58 | Research | Loom |
| 6:35 | Create | Villager (Male) |
| 6:40 | Build | Barracks |
| 7:16 | Research | Feudal Age |
| 7:58 | Create | Unit 2550 |
| 7:58 | Create | Unit 2550 |
| 8:21 | Build | Settlement |
| 9:02 | Build | House |
| 9:06 | Create | Villager (Male) |
| 9:26 | Age | Feudal Age |
| 9:29 | Research | Tech 1402 |
| 9:38 | Research | Double-Bit Axe |
| 9:46 | Build | Farm |
| 9:46 | Build | Farm |
| 9:49 | Create | Villager (Male) |
| 10:13 | Create | Villager (Male) |
| 10:34 | Create | Villager (Male) |
| 10:54 | Create | Villager (Male) |
| 11:09 | Build | Farm |
| 11:09 | Build | Farm |
| 11:14 | Build | Archery Range |
| 11:22 | Create | Spearman |
| 11:33 | Create | Villager (Male) |
| 12:01 | Create | Villager (Male) |
| 12:03 | Build | Farm |
| 12:09 | Build | House |
| 12:10 | Build | House |
| 12:36 | Create | Villager (Male) |
| 12:54 | Create | Villager (Male) |
| 12:57 | Create | Archer |
| 12:57 | Create | Archer |
| 13:11 | Create | Spearman |
| 13:24 | Create | Villager (Male) |
| 13:31 | Build | Settlement |
| 13:37 | Create | Archer |
| 13:57 | Create | Villager (Male) |
| 14:05 | Build | Palisade Wall |
| 14:10 | Build | Palisade Wall |
| 14:18 | Build | Palisade Wall |
| 14:19 | Build | Palisade Wall |
| 14:23 | Create | Villager (Male) |
| 14:27 | Create | Archer |
| 14:49 | Create | Villager (Male) |
| 14:55 | Build | Blacksmith |
| 14:57 | Build | Palisade Wall |
| 15:06 | Create | Villager (Male) |
| 15:08 | Create | Archer |
| 15:25 | Create | Villager (Male) |
| 15:51 | Create | Villager (Male) |
| 15:54 | Build | Archery Range |
| 16:00 | Build | Farm |
| 16:00 | Build | Farm |
| 16:03 | Build | Farm |
| 16:28 | Build | Farm |
| 16:31 | Create | Villager (Male) |
| 16:34 | Build | Palisade Wall |
| 16:36 | Build | Palisade Gate |
| 16:37 | Build | Palisade Wall |
| 16:43 | Build | Palisade Wall |
| 16:45 | Build | House |
| 16:48 | Build | Palisade Wall |
| 17:02 | Create | Villager (Male) |
| 17:30 | Research | Fletching |
| 17:31 | Create | Villager (Male) |
| 17:53 | Create | Villager (Male) |
| 18:21 | Build | Market |
| 18:24 | Create | Villager (Male) |
| 18:29 | Research | Horse Collar |
| 18:34 | Build | Farm |
| 18:38 | Build | Farm |
| 18:41 | Build | Farm |
| 18:42 | Build | Farm |
| 18:53 | Create | Villager (Male) |
| 19:18 | Research | Wheelbarrow |
| 19:35 | Create | Archer |
| 19:35 | Create | Archer |
| 20:06 | Create | Archer |
| 20:06 | Create | Archer |
| 20:11 | Research | Castle Age |
| 20:47 | Create | Archer |
| 20:51 | Build | House |
| 21:06 | Create | Archer |
| 21:12 | Research | Gold Mining |
| 21:19 | Research | Padded Archer Armor |
| 21:30 | Build | Settlement |
| 21:38 | Build | Settlement |
| 21:45 | Build | Farm |
| 21:51 | Create | Archer |
| 21:52 | Create | Archer |
| 22:12 | Research | Town Watch |
| 22:17 | Research | Stone Mining |
| 22:29 | Create | Archer |
| 22:29 | Create | Archer |
| 23:13 | Create | Villager (Male) |
| 23:13 | Age | Castle Age |
| 23:18 | Research | Crossbowman (upgrade) |
| 23:23 | Build | Town Center |
| 23:39 | Build | University |
| 23:41 | Create | Villager (Male) |
| 23:43 | Create | Archer |
| 23:44 | Create | Archer |
| 24:11 | Create | Archer |
| 24:13 | Create | Villager (Male) |
| 24:34 | Create | Villager (Male) |
| 24:35 | Create | Villager (Male) |
| 24:40 | Build | Farm |
| 24:41 | Build | Farm |
| 24:48 | Research | Bodkin Arrow |
| 24:52 | Create | Villager (Male) |
| 25:04 | Create | Archer |
| 25:05 | Create | Villager (Male) |
| 25:20 | Create | Villager (Male) |
| 25:38 | Build | Town Center |
| 25:43 | Create | Archer |
| 25:43 | Create | Archer |
| 25:44 | Create | Villager (Male) |
| 25:54 | Research | Leather Archer Armor |
| 25:58 | Build | Farm |
| 25:58 | Build | Farm |
| 26:10 | Create | Villager (Male) |
| 26:32 | Create | Villager (Male) |
| 26:36 | Build | Farm |
| 26:37 | Build | Farm |
| 26:40 | Build | Farm |
| 26:40 | Build | Farm |
| 26:55 | Build | House |
| 26:56 | Build | House |
| 26:57 | Build | House |
| 27:14 | Create | Villager (Male) |
| 27:15 | Create | Villager (Male) |
| 27:15 | Create | Villager (Male) |
| 27:15 | Create | Villager (Male) |
| 27:30 | Build | Castle |
Build order — Domination12344
First 150 of 435 actions detected
| 0:03 | Build | House |
| 0:05 | Build | House |
| 0:08 | Create | Villager (Male) |
| 0:08 | Create | Villager (Male) |
| 0:08 | Create | Villager (Male) |
| 0:09 | Create | Villager (Male) |
| 0:09 | Create | Villager (Male) |
| 0:09 | Create | Villager (Male) |
| 0:19 | Build | House |
| 1:26 | Create | Villager (Male) |
| 1:38 | Create | Villager (Male) |
| 1:39 | Create | Villager (Male) |
| 2:04 | Build | Lumber Camp |
| 2:22 | Create | Villager (Male) |
| 2:49 | Create | Villager (Male) |
| 2:49 | Create | Villager (Male) |
| 3:05 | Create | Villager (Male) |
| 3:19 | Create | Villager (Male) |
| 3:19 | Create | Villager (Male) |
| 3:49 | Create | Villager (Male) |
| 3:49 | Create | Villager (Male) |
| 4:11 | Create | Villager (Male) |
| 4:11 | Create | Villager (Male) |
| 4:46 | Build | House |
| 4:49 | Build | Mill |
| 5:02 | Create | Villager (Male) |
| 5:03 | Create | Villager (Male) |
| 5:13 | Create | Villager (Male) |
| 5:13 | Create | Villager (Male) |
| 6:05 | Create | Villager (Male) |
| 6:42 | Create | Villager (Male) |
| 6:56 | Create | Villager (Male) |
| 7:38 | Build | Mining Camp |
| 7:46 | Research | Feudal Age |
| 8:23 | Build | Barracks |
| 8:28 | Build | House |
| 9:14 | Create | Villager (Male) |
| 9:14 | Create | Villager (Male) |
| 9:33 | Research | Loom |
| 9:53 | Build | House |
| 10:00 | Build | Archery Range |
| 10:04 | Create | Spearman |
| 10:04 | Create | Spearman |
| 10:46 | Research | Double-Bit Axe |
| 10:55 | Build | Market |
| 10:59 | Create | Villager (Male) |
| 11:04 | Create | Archer |
| 11:04 | Create | Archer |
| 11:04 | Create | Archer |
| 11:04 | Create | Archer |
| 11:06 | Create | Archer |
| 11:20 | Build | Blacksmith |
| 11:25 | Create | Villager (Male) |
| 12:02 | Create | Villager (Male) |
| 12:02 | Create | Villager (Male) |
| 12:11 | Create | Archer |
| 12:12 | Create | Archer |
| 12:25 | Build | House |
| 12:37 | Research | Horse Collar |
| 12:46 | Build | Farm |
| 12:46 | Build | Farm |
| 12:47 | Build | Farm |
| 12:47 | Build | Farm |
| 12:47 | Build | Farm |
| 12:47 | Build | Farm |
| 12:48 | Build | Farm |
| 13:16 | Build | Farm |
| 13:41 | Create | Spearman |
| 14:15 | Research | Fletching |
| 14:30 | Build | Mining Camp |
| 16:18 | Build | Farm |
| 16:18 | Build | Farm |
| 16:19 | Build | Farm |
| 16:19 | Build | Farm |
| 16:19 | Build | Farm |
| 17:12 | Research | Castle Age |
| 17:31 | Create | Spearman |
| 17:31 | Create | Spearman |
| 18:05 | Create | Spearman |
| 18:06 | Create | Spearman |
| 18:06 | Create | Spearman |
| 18:16 | Create | Spearman |
| 18:17 | Create | Spearman |
| 18:34 | Build | Barracks |
| 18:37 | Build | House |
| 18:39 | Build | House |
| 18:42 | Research | Town Watch |
| 18:48 | Create | Spearman |
| 18:48 | Create | Spearman |
| 19:47 | Build | Stable |
| 20:01 | Research | Elite Skirmisher (upgrade) |
| 20:22 | Create | Villager (Male) |
| 20:22 | Create | Villager (Male) |
| 20:22 | Create | Villager (Male) |
| 20:46 | Create | Camel Scout |
| 20:47 | Create | Camel Scout |
| 20:47 | Create | Camel Scout |
| 20:54 | Create | Skirmisher |
| 20:54 | Create | Skirmisher |
| 21:18 | Create | Villager (Male) |
| 21:18 | Create | Villager (Male) |
| 21:49 | Build | Town Center |
| 22:26 | Research | Husbandry |
| 22:30 | Create | Skirmisher |
| 22:30 | Create | Skirmisher |
| 22:34 | Create | Villager (Male) |
| 22:34 | Create | Villager (Male) |
| 22:35 | Create | Villager (Male) |
| 22:49 | Create | Villager (Male) |
| 22:49 | Create | Villager (Male) |
| 22:50 | Create | Villager (Male) |
| 23:26 | Create | Spearman |
| 23:26 | Create | Spearman |
| 23:28 | Create | Skirmisher |
| 23:29 | Create | Skirmisher |
| 23:51 | Create | Camel Scout |
| 23:51 | Create | Camel Scout |
| 23:57 | Build | House |
| 23:58 | Build | House |
| 24:01 | Build | House |
| 24:08 | Create | Villager (Male) |
| 24:09 | Create | Villager (Male) |
| 24:09 | Create | Villager (Male) |
| 25:01 | Build | Castle |
| 25:10 | Create | Skirmisher |
| 25:10 | Create | Skirmisher |
| 25:12 | Create | Camel Scout |
| 25:12 | Create | Camel Scout |
| 25:13 | Create | Villager (Male) |
| 25:13 | Create | Villager (Male) |
| 25:19 | Build | Farm |
| 25:19 | Build | Farm |
| 25:19 | Build | Farm |
| 25:19 | Build | Farm |
| 25:20 | Build | Farm |
| 25:20 | Build | Farm |
| 25:20 | Build | Farm |
| 25:26 | Create | Villager (Male) |
| 25:26 | Create | Villager (Male) |
| 26:24 | Build | House |
| 27:19 | Create | Villager (Male) |
| 27:19 | Create | Villager (Male) |
| 27:20 | Create | Villager (Male) |
| 27:20 | Create | Villager (Male) |
| 27:20 | Create | Villager (Male) |
| 27:20 | Create | Villager (Male) |
| 27:21 | Create | Villager (Male) |
| 27:36 | Build | Siege Workshop |
| 28:05 | Research | Scale Barding Armor |
| 28:09 | Build | Farm |
Build order — hilalayweb
First 150 of 353 actions detected
| 0:03 | Create | Villager (Male) |
| 0:03 | Create | Villager (Male) |
| 0:04 | Create | Villager (Male) |
| 0:04 | Create | Villager (Male) |
| 0:04 | Create | Villager (Male) |
| 0:07 | Build | House |
| 0:13 | Build | House |
| 0:26 | Build | House |
| 1:44 | Create | Villager (Male) |
| 1:45 | Create | Villager (Male) |
| 2:21 | Create | Villager (Male) |
| 2:21 | Create | Villager (Male) |
| 2:30 | Create | Villager (Male) |
| 2:30 | Create | Villager (Male) |
| 3:00 | Create | Villager (Male) |
| 3:01 | Create | Villager (Male) |
| 3:04 | Create | Villager (Male) |
| 3:04 | Create | Villager (Male) |
| 3:41 | Create | Villager (Male) |
| 3:41 | Create | Villager (Male) |
| 3:41 | Create | Villager (Male) |
| 3:59 | Create | Villager (Male) |
| 4:00 | Create | Villager (Male) |
| 4:00 | Create | Villager (Male) |
| 4:30 | Create | Villager (Male) |
| 4:31 | Create | Villager (Male) |
| 5:05 | Build | Lumber Camp |
| 5:32 | Create | Villager (Male) |
| 5:32 | Create | Villager (Male) |
| 5:32 | Create | Villager (Male) |
| 5:32 | Create | Villager (Male) |
| 6:07 | Build | House |
| 6:36 | Create | Villager (Male) |
| 6:36 | Create | Villager (Male) |
| 6:37 | Create | Villager (Male) |
| 6:37 | Create | Villager (Male) |
| 7:04 | Build | Mill |
| 7:53 | Build | House |
| 8:12 | Create | Villager (Male) |
| 8:12 | Create | Villager (Male) |
| 8:13 | Create | Villager (Male) |
| 8:13 | Create | Villager (Male) |
| 8:13 | Create | Villager (Male) |
| 8:13 | Create | Villager (Male) |
| 8:30 | Create | Villager (Male) |
| 8:30 | Create | Villager (Male) |
| 9:11 | Build | Barracks |
| 9:32 | Build | Mining Camp |
| 10:15 | Research | Feudal Age |
| 10:31 | Build | Mill |
| 11:22 | Build | House |
| 11:24 | Build | House |
| 12:27 | Age | Feudal Age |
| 13:31 | Research | Castle Age |
| 14:06 | Build | Farm |
| 14:06 | Build | Farm |
| 14:07 | Build | Farm |
| 14:07 | Build | Farm |
| 14:08 | Build | Farm |
| 14:08 | Build | Farm |
| 14:09 | Build | Farm |
| 14:09 | Build | Farm |
| 14:10 | Build | Farm |
| 14:21 | Build | Lumber Camp |
| 14:28 | Research | Double-Bit Axe |
| 14:39 | Research | Horse Collar |
| 14:57 | Create | Spearman |
| 14:57 | Create | Spearman |
| 16:11 | Age | Castle Age |
| 16:20 | Build | Siege Workshop |
| 16:29 | Research | Bow Saw |
| 16:33 | Research | Heavy Plow |
| 16:43 | Create | Spearman |
| 16:43 | Create | Spearman |
| 16:57 | Create | Scorpion |
| 16:57 | Create | Scorpion |
| 17:12 | Create | Spearman |
| 17:12 | Create | Spearman |
| 17:28 | Create | Spearman |
| 17:29 | Create | Spearman |
| 18:23 | Create | Villager (Male) |
| 18:23 | Create | Villager (Male) |
| 18:27 | Create | Spearman |
| 18:27 | Create | Spearman |
| 18:30 | Create | Scorpion |
| 18:30 | Create | Scorpion |
| 18:31 | Create | Scorpion |
| 18:52 | Build | House |
| 18:54 | Build | House |
| 18:54 | Build | House |
| 18:55 | Build | House |
| 18:55 | Build | House |
| 18:56 | Build | House |
| 18:56 | Build | House |
| 18:56 | Build | House |
| 18:57 | Build | House |
| 18:58 | Build | House |
| 18:58 | Build | House |
| 18:59 | Build | House |
| 18:59 | Build | House |
| 18:59 | Build | House |
| 19:06 | Build | House |
| 19:07 | Build | House |
| 19:09 | Build | House |
| 19:18 | Create | Villager (Male) |
| 19:20 | Create | Villager (Male) |
| 20:01 | Create | Villager (Male) |
| 20:01 | Create | Villager (Male) |
| 20:12 | Create | Villager (Male) |
| 20:20 | Create | Scorpion |
| 20:21 | Create | Scorpion |
| 20:44 | Create | Spearman |
| 20:44 | Create | Spearman |
| 20:55 | Create | Scorpion |
| 20:55 | Create | Scorpion |
| 21:12 | Create | Villager (Male) |
| 21:12 | Create | Villager (Male) |
| 21:13 | Create | Villager (Male) |
| 21:13 | Create | Villager (Male) |
| 21:14 | Create | Villager (Male) |
| 21:14 | Create | Villager (Male) |
| 21:32 | Build | Town Center |
| 21:37 | Create | Villager (Male) |
| 21:37 | Create | Villager (Male) |
| 21:41 | Create | Scorpion |
| 22:29 | Build | House |
| 22:29 | Build | House |
| 22:30 | Build | House |
| 22:30 | Build | House |
| 22:30 | Build | House |
| 22:30 | Build | House |
| 22:31 | Build | House |
| 22:31 | Build | House |
| 22:32 | Build | House |
| 22:32 | Build | House |
| 22:33 | Build | House |
| 22:33 | Build | House |
| 22:37 | Create | Villager (Male) |
| 22:37 | Create | Villager (Male) |
| 22:43 | Research | Gold Mining |
| 22:51 | Create | Spearman |
| 22:51 | Create | Spearman |
| 22:52 | Create | Spearman |
| 22:52 | Create | Spearman |
| 22:52 | Create | Spearman |
| 22:56 | Create | Scorpion |
| 22:56 | Create | Scorpion |
| 22:56 | Create | Scorpion |
| 22:56 | Create | Scorpion |
| 23:38 | Create | Scorpion |
Match timeline
| 6:24 | Gabrielzou · wall_segment Palisade Wall x5 |
| 6:40 | Frank Sobotka · first_building Barracks |
| 7:48 | Gabrielzou · wall_segment Palisade Wall x4 |
| 7:50 | Gabrielzou · wall_segment Palisade Wall x3 |
| 8:03 | -pilavboy-* · first_building Barracks |
| 8:05 | Gabrielzou · wall_segment Palisade Wall x3 |
| 8:08 | Gabrielzou · wall_segment Palisade Wall x3 |
| 8:09 | Gabrielzou · wall_segment Palisade Wall x4 |
| 8:11 | Gabrielzou · wall_segment Palisade Wall x5 |
| 8:20 | -pilavboy-* · wall_segment Palisade Wall x1 |
| 8:23 | Domination12344 · first_building Barracks |
| 8:53 | Gabrielzou · first_building Barracks |
| 9:11 | hilalayweb · first_building Barracks |
| 9:26 | Frank Sobotka · age_up feudal |
| 9:28 | hknylmz · wall_segment Palisade Wall x5 |
| 9:33 | hknylmz · wall_segment Palisade Wall x14 |
| 9:41 | Gabrielzou · age_up feudal |
| 9:55 | hknylmz · age_up feudal |
| 9:58 | hknylmz · first_building Barracks |
| 10:00 | Domination12344 · first_building Archery Range |
| 10:07 | Gabrielzou · first_building Stable |
| 10:52 | -pilavboy-* · age_up feudal |
| 11:01 | -pilavboy-* · first_building Stable |
| 11:14 | Frank Sobotka · first_building Archery Range |
| 11:32 | hknylmz · first_building Stable |
| 11:37 | Gabrielzou · wall_segment Palisade Wall x6 |
| 11:37 | -pilavboy-* · wall_segment Palisade Wall x1 |
| 11:39 | -pilavboy-* · wall_segment Palisade Wall x1 |
| 11:40 | -pilavboy-* · wall_segment Palisade Wall x1 |
| 11:41 | -pilavboy-* · wall_segment Palisade Wall x1 |
| 12:26 | -pilavboy-* · wall_segment Palisade Wall x11 |
| 12:27 | hilalayweb · age_up feudal |
| 13:08 | -pilavboy-* · wall_segment Palisade Wall x15 |
| 14:05 | Frank Sobotka · wall_segment Palisade Wall x3 |
| 14:10 | Frank Sobotka · wall_segment Palisade Wall x7 |
| 14:18 | -pilavboy-* · wall_segment Palisade Wall x1 |
| 14:18 | Frank Sobotka · wall_segment Palisade Wall x7 |
| 14:19 | Frank Sobotka · wall_segment Palisade Wall x2 |
| 14:25 | -pilavboy-* · wall_segment Palisade Wall x9 |
| 14:57 | Frank Sobotka · wall_segment Palisade Wall x4 |
| 15:58 | Domination12344 · first_market_buy 100 food |
| 16:11 | hilalayweb · age_up castle |
| 16:20 | hilalayweb · first_building Siege Workshop |
| 16:34 | Frank Sobotka · wall_segment Palisade Wall x3 |
| 16:37 | Frank Sobotka · wall_segment Palisade Wall x1 |
| 16:43 | Frank Sobotka · wall_segment Palisade Wall x8 |
| 16:48 | Frank Sobotka · wall_segment Palisade Wall x8 |
| 17:40 | Gabrielzou · wall_segment Palisade Wall x4 |
| 17:41 | Gabrielzou · wall_segment Palisade Wall x2 |
| 18:42 | -pilavboy-* · wall_segment Palisade Wall x1 |
| 18:56 | hknylmz · wall_segment Palisade Wall x1 |
| 19:07 | -pilavboy-* · first_market_sell 100 wood |
| 19:09 | -pilavboy-* · first_market_buy 100 food |
| 19:22 | Frank Sobotka · first_market_buy 100 food |
| 19:47 | Domination12344 · first_building Stable |
| 20:14 | hknylmz · wall_segment Palisade Wall x4 |
| 21:05 | Frank Sobotka · first_market_sell 100 wood |
| 21:28 | Gabrielzou · age_up castle |
| 21:39 | Gabrielzou · first_building Monastery |
| 21:56 | hknylmz · wall_segment Palisade Wall x14 |
| 21:59 | Gabrielzou · wall_segment Palisade Wall x1 |
| 22:00 | hknylmz · wall_segment Palisade Wall x6 |
| 22:02 | -pilavboy-* · age_up castle |
| 22:08 | hknylmz · wall_segment Palisade Wall x22 |
| 22:47 | Gabrielzou · first_market_sell 100 food |
| 23:13 | Frank Sobotka · age_up castle |
| 23:18 | Gabrielzou · first_market_buy 100 wood |
| 23:43 | -pilavboy-* · first_building Siege Workshop |
| 24:58 | -pilavboy-* · wall_segment Palisade Wall x1 |
| 25:01 | Domination12344 · first_building Castle |
| 25:16 | -pilavboy-* · wall_segment Stone Wall x1 |
| 25:19 | -pilavboy-* · wall_segment Stone Wall x1 |
| 26:18 | -pilavboy-* · wall_segment Palisade Wall x1 |
| 26:21 | -pilavboy-* · wall_segment Palisade Wall x1 |
| 27:30 | Frank Sobotka · first_building Castle |
| 27:36 | Domination12344 · first_building Siege Workshop |
| 27:48 | hknylmz · age_up castle |
| 29:19 | Frank Sobotka · first_building Siege Workshop |
| 31:06 | -pilavboy-* · wall_segment Palisade Wall x7 |
| 31:08 | -pilavboy-* · wall_segment Palisade Wall x9 |
| 31:09 | -pilavboy-* · wall_segment Palisade Wall x1 |
| 32:09 | -pilavboy-* · wall_segment Palisade Wall x2 |
| 34:29 | -pilavboy-* · wall_segment Palisade Wall x6 |
| 34:31 | -pilavboy-* · wall_segment Palisade Wall x5 |
| 34:33 | -pilavboy-* · wall_segment Palisade Wall x12 |
| 36:43 | -pilavboy-* · first_building Castle |
| 36:45 | Domination12344 · first_market_sell 100 wood |
| 37:17 | Gabrielzou · first_building Castle |
| 38:33 | Frank Sobotka · age_up imperial |
| 39:43 | -pilavboy-* · wall_segment Palisade Wall x1 |
| 40:52 | -pilavboy-* · wall_segment Palisade Wall x12 |
| 41:00 | -pilavboy-* · wall_segment Palisade Wall x15 |
| 41:03 | -pilavboy-* · wall_segment Palisade Wall x18 |
| 41:05 | -pilavboy-* · wall_segment Palisade Wall x4 |
| 41:06 | -pilavboy-* · wall_segment Palisade Wall x4 |
| 41:10 | Gabrielzou · age_up imperial |
| 41:36 | -pilavboy-* · first_building Monastery |
| 42:13 | -pilavboy-* · wall_segment Palisade Wall x7 |
| 42:15 | -pilavboy-* · wall_segment Palisade Wall x4 |
| 44:36 | Gabrielzou · first_building Siege Workshop |
| 45:37 | Gabrielzou · first_building Archery Range |
| 45:45 | -pilavboy-* · age_up imperial |
| 50:37 | Domination12344 · wall_segment Stone Wall x5 |
| 50:42 | Domination12344 · wall_segment Stone Wall x9 |
| 52:19 | hilalayweb · resign |
[ AI ANALYSIS · 1 CREDIT ]
What really happened in this match?
Wolo.gg analyzes every decision: build order, eco, micro, common mistakes by bracket. Personalized analysis on WhatsApp or Discord in 30 seconds.
Civ guide
Franks
Perfil
Jugador #21079780